 Dungeon Crawl Stone Soup version 0.19-a0-1142-ga75ee97 (webtiles) character file.

82 GordonOverkill the Magician (level 4, -2/24 HPs)
             Began as a Deep Elf Wizard on Aug 13, 2016.
             Killed by divine providence
             ... invoked by an orc priest
              (8 damage)
             ... on level 3 of the Dungeon.
             The game lasted 00:07:19 (2246 turns).

GordonOverkill the Magician (Deep Elf Wizard)       Turns: 2246, Time: 00:07:20

Health: -2/24      AC:  2    Str:  4    XL:     4   Next: 21%
Magic:  11/12      EV: 13    Int: 24    God:
Gold:   73         SH:  0    Dex: 13    Spells: 4 memorised, 4 levels left

rFire  . . .     SeeInvis .     i - +2 spear (venom)
rCold  . . .     Gourm    .     a - +0 robe
rNeg   . . .     Faith    .     (no shield)
rPois  .         Spirit   .     b - +0 hat
rElec  .         Dismiss  .     (no cloak)
rCorr  .         Reflect  .     (no gloves)
MR     .....     Harm     .     (no boots)
Stlth  ++........               r - amulet of magic regeneration
                                (no ring)
                                (no ring)

@: repel missiles
A: no striking features
a: no special abilities


You were on level 3 of the Dungeon.
You were not hungry.

You visited 1 branch of the dungeon, and saw 3 of its levels.

You collected 73 gold pieces.

Inventory:

Hand Weapons
 i - a +2 spear of venom (weapon)
 v - a +1 dagger of venom
Missiles
 n - 8 javelins (quivered)
Armour
 a - a +0 robe (worn)
 b - a +0 hat (worn)
Jewellery
 r - an amulet of magic regeneration (around neck)
Wands
 u - a wand of digging (1/24)
Scrolls
 e - 3 scrolls of enchant weapon {unknown}
 f - a scroll of immolation {unknown}
 g - a scroll of identify {unknown}
 l - a scroll of blinking {unknown}
 m - a scroll of enchant armour {unknown}
 o - 2 scrolls of random uselessness {unknown}
 p - a scroll of amnesia {unknown}
 s - a scroll of fear {unknown}
Potions
 j - a potion of haste {unknown}
 k - a potion of berserk rage {unknown}
 t - 2 potions of curing {unknown}
Books
 c - a book of Minor Magic

   Spells                             Type                      Level
   a - Magic Dart                     Conjuration                  1
   b - Blink                          Translocation                2
   c - Call Imp                       Summoning                    2
   d - Repel Missiles                 Charms/Air                   2
   e - Slow                           Hexes                        2
   f - Conjure Flame                  Conjuration/Fire             3
   g - Mephitic Cloud                 Conjuration/Poison/Air       3
Comestibles
 d - a bread ration
 h - 3 meat rations
 q - 6 chunks of flesh


   Skills:
 - Level 2.4 Dodging
 - Level 2.4 Stealth
 - Level 4.4 Spellcasting
 - Level 3.0 Conjurations
 + Level 1.5 Hexes
   Level 1.1 Summonings
 - Level 3.0 Translocations


You had 4 spell levels left.
You knew the following spells:

 Your Spells              Type           Power        Failure   Level  Hunger
a - Magic Dart            Conj           ###.         2%          1    None
b - Blink                 Tloc           N/A          4%          2    None
c - Slow                  Hex            ##......     10%         2    None
d - Repel Missiles        Chrm/Air       #.....       14%         2    None


Dungeon Overview and Level Annotations

Branches:
Dungeon (3/15)

Altars:
Pakellas
Uskayaw
Zin


Message History

Casting: Magic Dart
Confirm with . or Enter, or press ? or * to list all spells.
Aiming: Magic Dart
Press: ? - help, Shift-Dir - straight line, f/p - orc priest
Aim: an orc priest, wielding a club (lightly wounded)
The magic dart hits the orc.
The orc is severely wounded.
The orc priest calls upon Beogh to heal the orc.
The orc is healed somewhat.
The orc misses you.
Some of the chunks of flesh in your inventory have rotted away.
The orc priest mumbles some strange prayers to Beogh against you.
Beogh smites you!
The orc priest looks braver for a moment.
The orc priest mumbles some strange prayers to Beogh against you.
Beogh smites you!
* * * LOW HITPOINT WARNING * * *
The orc priest calls down the wrath of Beogh upon you.
Beogh smites you!
You die...

#.# #......#.#.# #
#.# #......#.#.# #
##.#
####.....o#o..#####
..##
#.......o..........
#..#
#......############
#..## .# #..(...#
#...# #.# #...o..#
#.#.## #.# #......#
#.#..# #.# ##@...##
#.##.###.# #.._.#
#.##..##.#####....#
#.##..............#
#.##.............##
#.##..........รท).+
###.####...........#
....# ##..#########
##### #..#


You could see an orc priest and 2 orcs.

Vanquished Creatures
  Ijyb (D:2)
  An adder (D:3)
  A worm (D:2)
  2 dart slugs (D:1)
  2 giant geckos (D:3)
  4 giant cockroaches
  8 goblins
  3 hobgoblins
  2 jackals (D:3)
  A kobold (D:1)
  A quokka (D:3)
  A ball python (D:1)
  3 bats
  2 giant newts (D:1)
  5 rats (D:1)
37 creatures vanquished.

Notes
Turn   | Place    | Note
-------+----------+-------------------------------------------
     0 | D:1      | GordonOverkill the Deep Elf Wizard began the quest for the Orb.
     0 | D:1      | Reached XP level 1. HP: 10/10 MP: 7/7
   535 | D:1      | Reached XP level 2. HP: 15/15 MP: 6/9
   561 | D:1      | Learned a level 2 spell: Blink
   564 | D:1      | Learned a level 2 spell: Slow
   567 | D:1      | Learned a level 2 spell: Repel Missiles
  1454 | D:2      | Reached XP level 3. HP: 19/19 MP: 2/10
  1532 | D:2      | Noticed Ijyb
  1550 | D:2      | Killed Ijyb
  1630 | D:2      | Found a glowing silver altar of Zin.
  1905 | D:2      | Found an oddly glowing altar of Pakellas.
  2109 | D:3      | Found a hide-covered altar of Uskayaw.
  2127 | D:3      | Reached skill level 1 in Hexes
  2127 | D:3      | Reached XP level 4. HP: 24/24 MP: 8/12
  2246 | D:3      | Killed from afar by an orc priest

Vault maps used:
D:1:      dpeg_arrival_prison, wad_floor_pattern_untrapped, minmay_pentomino_u2
D:2:      lemuel_round_altar, grunt_decor_mini_mirrors, johnstein_pakellas_dig,
          uniq_iyjb
D:3:      overflow_temple_1_default

Skill      XL: |  1  2  3 |
---------------+----------+-----
Conjurations   | 2 3 |  3.0
Translocations | 3 |  3.0
Hexes          | 1 |  1.5
Dodging        | |  2.4
Stealth        | |  2.4
Spellcasting   | |  4.4
Summonings     | |  1.1

Action                   |  1- 3 |  4- 6 || total
-------------------------+-------+-------++-------
Melee: Unarmed           |     1 |       ||     1
       Spear             |     9 |       ||     9
 Cast: Magic Dart        |    72 |    21 ||    93
       Repel Missiles    |     1 |       ||     1
       Slow              |     2 |       ||     2
 Stab: Sleeping          |     1 |       ||     1
  Eat: Chunk             |     3 |     1 ||     4
Armor: Robe              |     2 |       ||     2
Dodge: Dodged            |    12 |     4 ||    16
